Map: Bel'Shir Vestige LE (Void)

Players

LiquidSnute (Snute)

  • Race: Zerg Zerg
  • League: Master
  • Spawn Location: 5:00

Railgan - Winner!

  • Race: Zerg Zerg
  • League: Grandmaster
  • Spawn Location: 11:00

VOD

Have the link to the VOD?

Description

Time

  • Played on: March 21, 2017, 8:43 p.m.
  • Length: 7:41
Show
View Real Time Build Order
Export as new Build Order

LiquidSnute Zerg 

Build Orders: Hatch First 

Get SALT Encoding   

  12  0:00  Drone  
  13  0:12  Overlord  
  13  0:16  Drone  
  14  0:30  Drone x2  
  14  0:34  Drone  
  17  0:52  Hatchery  
  17  0:54  Drone  
  18  0:57  Drone  
  18  1:04  Extractor  
  17  1:12  Spawning Pool  
  17  1:15  Drone  
  17  1:18  Drone  
  18  1:27  Drone  
  19  1:38  Overlord  
  19  1:49  Drone  
  20  1:59  Queen  
  20  2:00  Drone  
  23  2:03  Queen  
  23  2:04  Zergling x2  
  23  2:05  Metabolic Boost  
  26  2:11  Zergling x2  
  26  2:15  Drone  
  28  2:21  Drone  
  29  2:25  Drone  
  30  2:33  Drone, Evolution Chamber  
  30  2:38  Drone  
  30  2:42  Overlord, Queen  
  33  2:47  Zergling x2  
  34  2:54  Zergling x2  
  35  2:59  Zerg Melee Weapons Level 1  
  35  3:02  Drone  
  35  3:04  Drone  
  37  3:10  Drone x2  
  39  3:17  Hatchery  
  39  3:19  Overlord  
  38  3:23  Drone  
  39  3:29  Baneling Nest  
  39  3:31  Drone  
  39  3:32  Drone x2  
  40  3:35  Drone  
  40  3:38  Drone  
  40  3:39  Drone  
  43  3:44  Overlord  
  44  3:48  Drone x3  
  44  3:55  Drone x3  
  49  3:58  Drone  
  49  4:00  Drone  
  51  4:04  Drone  
  52  4:10  Extractor, Drone  
  52  4:11  Drone  
  52  4:12  Lair  
  52  4:16  Roach Warren  
  52  4:17  Extractor, Drone x2  
  51  4:19  Drone  
  51  4:21  Drone  
  55  4:24  Drone  
  57  4:31  Drone x4  
  57  4:36  Overlord  
  60  4:39  Overlord x2  
  60  4:47  Overlord  
  60  4:53  Zerg Missile Weapons Level 1  
  60  4:54  Overlord  
  60  4:56  Roach x2  
  60  4:59  Roach x3  
  70  5:02  Roach x2  
  70  5:06  Overlord  
  73  5:08  Roach x2  
  73  5:11  Drone x3  
  80  5:15  Overlord  
  80  5:16  Drone x2  
  82  5:26  Roach x2  
  85  5:28  Roach  
  85  5:32  Roach  
  85  5:34  Roach  
  91  5:36  Zergling x4  
  91  5:37  Extractor, Zergling x10  
  97  5:43  Roach  
  97  5:44  Roach x2  
  96  6:01  Drone x8  
  96  6:02  Drone  
  104  6:11  Overlord x2  
  104  6:12  Drone x2  
  104  6:13  Drone x2  
  107  6:21  Roach  
  107  6:22  Roach  
  109  6:28  Roach x3  
  108  6:33  Queen  
  108  6:35  Extractor, Roach  
  108  6:38  Roach  
  108  6:39  Roach x4  
  105  6:45  Queen x2  
  99  6:47  Roach  
  99  6:48  Roach  
  99  6:50  Roach  
  97  7:00  Roach x2  
  97  7:01  Roach  
  87  7:13  Roach x3  
  89  7:19  Roach  
Show
View Real Time Build Order
Export as new Build Order

Railgan Zerg - Winner!

Build Orders: Hatch First 

Get SALT Encoding   

  12  0:00  Drone  
  13  0:12  Overlord  
  13  0:17  Drone  
  14  0:30  Drone x2  
  14  0:35  Drone  
  17  0:45  Drone  
  18  0:56  Drone  
  19  0:57  Hatchery  
  19  1:00  Extractor  
  17  1:12  Spawning Pool  
  17  1:15  Drone  
  17  1:17  Drone  
  18  1:28  Drone  
  19  1:39  Overlord  
  19  1:55  Drone  
  19  1:59  Queen  
  19  2:00  Zergling x2  
  23  2:12  Queen  
  23  2:13  Drone x2  
  27  2:21  Drone  
  27  2:22  Drone  
  29  2:31  Overlord  
  29  2:34  Drone, Queen  
  32  2:42  Baneling Nest  
  31  2:45  Drone x2  
  31  2:47  Queen  
  35  2:55  Roach Warren  
  35  2:56  Drone  
  35  2:57  Drone  
  36  3:05  Evolution Chamber  
  35  3:06  Zergling x2  
  35  3:11  Lair  
  35  3:13  Drone  
  36  3:21  Drone x2  
  36  3:23  Zergling x2  
  39  3:29  Baneling x2  
  39  3:30  Overlord  
  39  3:32  Zerg Missile Weapons Level 1  
  39  3:35  Drone x2  
  39  3:38  Drone  
  42  3:42  Drone x2  
  42  3:45  Extractor, Drone  
  44  3:48  Extractor  
  44  3:50  Drone x2  
  44  3:53  Drone  
  46  3:57  Drone  
  46  4:01  Drone x2  
  46  4:02  Drone x2  
  51  4:08  Glial Reconstitution  
  51  4:13  Drone  
  52  4:17  Overlord x2  
  52  4:19  Baneling  
  52  4:20  Baneling  
  52  4:24  Overlord  
  52  4:32  Overlord  
  52  4:35  Roach  
  52  4:36  Roach x3  
  60  4:39  Roach  
  60  4:40  Roach  
  64  4:52  Roach  
  66  4:57  Roach x2  
  70  5:06  Hatchery  
  69  5:08  Roach  
  69  5:09  Roach x4  
  79  5:15  Roach x2  
  79  5:16  Overlord  
  83  5:22  Overlord  
  82  5:30  Overlord  
  82  5:37  Roach x4  
  90  5:50  Roach  
  90  5:51  Roach x4  
  99  5:58  Roach x4  
  99  6:04  Overlord  
  107  6:07  Overlord  
  107  6:14  Overlord  
  107  6:24  Drone x2  
  103  6:31  Drone x3  
  103  6:32  Drone  
  97  6:35  Roach  
  97  6:36  Roach x3  
  97  6:38  Roach  
  95  6:42  Roach x3  
  91  6:55  Roach  
  91  6:56  Ravager  
  91  6:59  Roach x2  
  91  7:01  Roach  
  93  7:10  Roach x2  
  93  7:12  Roach  
  93  7:17  Roach x8  
  107  7:28  Ravager  
Tags
 
Add a new tag
Caveats
  • Supply blocks, unpowered buildings, or Contaminate may cause inaccurate times.
  • Supply counts are checked every 10 seconds.